 Dungeon Crawl Stone Soup version 0.31-a0-965-g8a8ce12e04 (webtiles) character file.

Game seed: 3220901685060777032

17 Maratek the Trooper (level 2, -5/24 HPs)
             Began as a Demonspawn Fighter on Oct 26, 2023.
             Killed by an exploding goblin (29 damage)
             ... ignited by their inner flame
             ... on level 1 of the Dungeon.
             The game lasted 00:00:46 (546 turns).

Maratek the Trooper (Demonspawn Fighter)             Turns: 546, Time: 00:00:46

Health: -5/24      AC:  6    Str: 16    XL:     2   Next: 44%
Magic:  2/2        EV:  8    Int:  9    God:
Gold:   38         SH:  4    Dex: 12    Spells: 1/1 levels left

rFire   . . .        a - +1 trident
rCold   . . .        c - +0 buckler
rNeg    + . .        b - +0 scale mail
rPois   .            (no helmet)
rElec   .            (no cloak)
rCorr   .            (no gloves)
SInv    .            (no boots)
Will    .....        (no amulet) Stlth
                     j - ring of positive energy
HPRegen 0.24/turn    (no ring)
MPRegen 0.08/turn

%: no passive effects
@: no status effects
A: spiny 1
a: no special abilities


You were on level 1 of the Dungeon.
You visited 1 branch of the dungeon, and saw 1 of its levels.

You collected 38 gold pieces.

Inventory:

Hand Weapons
 a - a +1 trident (weapon)
Armour
 b - a +0 scale mail (worn)
 c - a +0 buckler (worn)
Jewellery
 j - a ring of positive energy (left hand)
 k - a +6 ring of strength
Potions
 d - a potion of might
 g - a potion of attraction {unknown}
 i - a potion of brilliance {unknown}


   Skills:
 + Level 3.2 Fighting
 + Level 2.1 Polearms
 + Level 2.9 Armour
 + Level 2.8 Shields


You had one spell level left.
You didn't know any spells.
Your spell library was empty.

Dungeon Overview and Level Annotations

Branches:
Dungeon (1/15)

Altars:


Innate Abilities, Weirdness & Mutations

You are partially covered in sharp spines.


Message History

Found a black potion.
A goblin is nearby!
A goblin is nearby!
Found an emerald ring.
You puncture the goblin!
You kill the goblin!
No target in view!
No target in view!
No target in view!
You see here a +0 dagger.
i - a black potion
j - a ring of positive energy You open the door.
Found a stone staircase leading down.
j - a ring of positive energy (left hand)
There is an open door here.
There is a stone staircase leading down here.
k - a +6 ring of strength You open the door.
There is an open door here.
A goblin comes into view. It is wielding a +0 dagger.
The goblin shouts!
A goblin is nearby!
Okay, then.
As you read the scroll labelled RIHARU ZEVEM, it crumbles to dust.
It is a scroll of identify.
f - a scroll of enchant weapon
As you read the scroll of enchant weapon, it crumbles to dust.
Your +0 trident glows red for a moment.
As you read the scroll labelled QUAGGA QUCU, it crumbles to dust.
The creatures around you are filled with an inner flame!
It was a scroll of immolation.
A goblin is nearby!
You reach to attack!
You barely miss the goblin. You closely miss the goblin.
The goblin hits you but does no damage.
You hit the goblin.
The goblin explodes!
The fiery explosion engulfs you!!
Ouch! That really hurt!
You die...

.# #.......'.........+...........
........####.........##........##
####.#.## ##.......###.##.###.##
#.### ##.....## #.####..... #.
##...## #.####)###. ##'##
#.##...# #. #.# #.##.#.###. #.#
#.##.#..... #@# #........## #..)#
####.##### #.^ยงยงยง# #.#
......... #.# #####.###.# #.# #.#
... ..# #.# ### ### #.# #


There were no monsters in sight!

Vanquished Creatures
  A ball python (D:1)
  3 bats (D:1)
  An endoplasm (D:1)
  4 goblins (D:1)
  A quokka (D:1)
  A frilled lizard (D:1)
  4 kobolds (D:1)
  A rat (D:1)
16 creatures vanquished.

Notes
Turn   | Place    | Note
-------+----------+-------------------------------------------
     0 | D:1      | Maratek the Demonspawn Fighter began the quest for the Orb.
     0 | D:1      | Reached XP level 1. HP: 18/18 MP: 1/1
     3 | D:1      | Noticed a minotaur skeleton
     9 | D:1      | Noticed a minotaur skeleton
   197 | D:1      | Gained mutation: You are partially covered in sharp spines.
                  | [demonic ancestry]
   197 | D:1      | Reached XP level 2. HP: 24/24 MP: 2/2
   546 | D:1      | Killed by an exploding goblin... ignited by their inner
                  | flame

Illustrated notes

Levels and vault maps discovered:
D:1:      shiori_arrival_whats_in_store_for_you, layout_loops_corners

Skill      XL: |  1 |
---------------+----+-----
Polearms       | 2 |  2.1
Fighting       | |  3.2
Armour         | |  2.9
Shields        | |  2.8

Action                     || total
---------------------------++-------
  Melee: Trident           ||    27
    Use: Scroll            ||     3
 Armour: Scale mail        ||    12
  Dodge: Dodged            ||     1
  Block: Buckler           ||     1

Table legend: (Time is in decaauts)
 A = Elapsed time spent in this place.
 B = Non-inter-level travel time spent in this place.
 C = Inter-level travel time spent in this place.
 D = Time resting spent in this place.
 E = Time spent auto-exploring this place.
 F = Levels seen in this place.
 G = Mean time per level.
                   A        B        C        D        E       F      G
               +--------+--------+--------+--------+--------+-----+--------+
         Total |    551 |    551 |      0 |      0 |    477 |   1 |  551.0 |
       Dungeon |    551 |    551 |      0 |      0 |    477 |   1 |  551.0 |
               +--------+--------+--------+--------+--------+-----+--------+

Top non-repeatable levels by time:
     D:1: 551 daAuts
